Map: 오토메이턴 - 래더

Players

JinairRogue (Rogue) - Winner!

  • Race: Zerg Zerg
  • League: Master
  • Spawn Location: 9:00

llllllllllll (Trap)

  • Race: Protoss Protoss
  • League: Master
  • Spawn Location: 3:00

Event: IEM Season 13 - Katowice Server Qualifiers Asia 1

VOD

Have the link to the VOD?

Description

Time

  • Played on: Jan. 14, 2019, 9:37 a.m.
  • Length: 21:54

All games in this series

Show
View Real Time Build Order
Export as new Build Order

JinairRogue Zerg - Winner!

Build Orders: Hatch First, Lurkers, Roach Hydra 

Get SALT Encoding   

  12  0:00  Drone  
  13  0:12  Overlord  
  13  0:17  Drone  
  14  0:31  Drone x2  
  16  0:49  Hatchery  
  15  0:52  Drone  
  15  0:55  Drone  
  17  0:58  Drone  
  18  1:09  Extractor  
  17  1:14  Spawning Pool  
  16  1:19  Drone  
  16  1:22  Drone  
  18  1:28  Drone  
  19  1:39  Drone  
  20  1:50  Hatchery  
  20  1:53  Drone  
  20  2:03  Queen  
  20  2:07  Drone  
  23  2:11  Drone  
  23  2:14  Drone  
  25  2:18  Drone  
  26  2:23  Metabolic Boost  
  26  2:28  Overlord  
  26  2:33  Zergling x4  
  28  2:46  Queen, Zergling x2  
  28  2:49  Queen  
  33  2:53  Drone  
  33  2:55  Drone  
  33  2:56  Drone  
  36  3:05  Queen  
  36  3:09  Overlord  
  38  3:15  Drone x3  
  38  3:17  Drone  
  42  3:26  Overlord  
  42  3:27  Queen  
  42  3:32  Drone x2  
  42  3:33  Drone  
  47  3:35  Drone  
  47  3:40  Overlord  
  48  3:42  Drone  
  48  3:43  Drone  
  48  3:47  Drone  
  51  3:49  Overlord  
  51  3:53  Spore Crawler  
  50  3:59  Drone x2  
  52  4:02  Zergling x2  
  52  4:03  Zergling x6  
  52  4:09  Drone x2  
  58  4:10  Spore Crawler, Drone x2  
  58  4:14  Drone  
  59  4:18  Overlord  
  59  4:19  Drone  
  60  4:25  Drone  
  60  4:26  Drone  
  60  4:30  Drone x3  
  64  4:32  Overlord  
  64  4:33  Overlord  
  64  4:36  Drone  
  65  4:40  Roach Warren  
  65  4:41  Drone x3  
  67  4:47  Drone x4  
  67  4:52  Overlord  
  71  4:53  Lair  
  71  4:56  Extractor  
  71  4:57  Extractor  
  67  5:00  Drone x2  
  67  5:03  Drone x3  
  67  5:05  Extractor  
  67  5:06  Extractor  
  70  5:11  Drone x5  
  75  5:22  Overlord  
  75  5:26  Roach x7  
  75  5:27  Evolution Chamber  
  88  5:32  Roach  
  88  5:33  Overlord x3  
  90  5:43  Roach x2  
  90  5:44  Roach x2  
  90  5:48  Overlord x2  
  97  5:54  Roach x3  
  103  6:02  Overseer  
  103  6:03  Glial Reconstitution  
  103  6:04  Zerg Missile Weapons Level 1  
  103  6:06  Roach x2  
  103  6:07  Roach  
  103  6:10  Drone x5  
  113  6:18  Overseer  
  113  6:23  Roach x6  
  125  6:27  Overlord  
  125  6:33  Drone x2  
  125  6:34  Extractor  
  125  6:38  Hydralisk Den  
  124  6:46  Overlord  
  124  6:49  Drone  
  124  6:50  Drone x2  
  124  6:51  Drone  
  124  6:52  Overlord x3  
  128  7:02  Hatchery  
  128  7:03  Overlord  
  128  7:04  Overlord  
  127  7:10  Hydralisk x3  
  127  7:11  Hydralisk x3  
  127  7:13  Grooved Spines  
  139  7:19  Hydralisk x3  
  144  7:32  Hydralisk x6  
  156  7:39  Hydralisk  
  156  7:40  Hydralisk x2  
  156  7:43  Pneumatized Carapace  
  162  7:48  Drone x2  
  162  7:49  Drone  
  165  7:58  Overlord  
  165  8:09  Hatchery  
  165  8:11  Drone x9  
  173  8:13  Extractor  
  173  8:16  Overlord, Extractor  
  171  8:24  Muscular Augments  
  170  8:31  Hydralisk  
  170  8:32  Spine Crawler x2, Hydralisk x2, Lurker Den  
  170  8:33  Spine Crawler, Infestation Pit  
  171  8:36  Drone x3  
  171  8:39  Drone  
  175  8:51  Hydralisk  
  175  8:52  Zergling x22  
  188  8:55  Zerg Missile Weapons Level 2  
  188  8:58  Drone x3  
  188  8:59  Drone  
  188  9:00  Evolution Chamber  
  191  9:07  Hydralisk x4  
  191  9:08  Zergling x2  
  196  9:19  Overlord  
  196  9:29  Hive  
  196  9:30  Zerg Ground Armor Level 1  
  193  9:32  Hydralisk  
  193  9:33  Hydralisk x6  
  193  9:34  Zergling x2  
  193  9:35  Overlord  
  198  9:42  Hydralisk  
  198  9:43  Hydralisk x3  
  184  9:48  Zergling x2  
  184  9:49  Zergling x12  
  171  9:56  Hydralisk x5  
  162  10:08  Hydralisk  
  162  10:09  Hydralisk x5  
  145  10:23  Roach  
  145  10:24  Roach x9  
  165  10:29  Drone, Overseer  
  165  10:30  Overseer  
  165  10:33  Lurker x2  
  165  10:35  Roach x4  
  176  10:36  Zergling x4  
  176  10:40  Overlord  
  176  10:41  Adaptive Talons  
  178  10:49  Lurker x3, Zergling x2  
  182  10:51  Overlord  
  182  10:58  Overlord  
  184  11:04  Lurker x2  
  184  11:05  Hydralisk x3  
  190  11:11  Zergling x4  
  190  11:12  Zergling x12, Hydralisk  
  190  11:15  Hydralisk x2  
  178  11:23  Zergling x22  
  182  11:26  Extractor x2  
  178  11:40  Lurker x5  
  178  11:41  Drone x5  
  178  11:43  Drone x2  
  186  11:50  Hatchery  
  186  11:52  Drone x2  
  187  11:55  Hydralisk x4  
  187  11:59  Drone  
  196  12:04  Lurker x2  
  196  12:08  Hydralisk  
  198  12:12  Spore Crawler x2  
  198  12:14  Spore Crawler, Lurker x2  
  199  12:28  Lurker x3  
  195  12:41  Hydralisk x7  
  195  12:43  Hydralisk x3  
  192  12:49  Hydralisk  
  192  12:50  Hydralisk x5  
  192  12:51  Zergling x28  
  183  12:56  Roach x3  
  183  12:57  Roach  
  195  13:09  Hydralisk x5  
  195  13:12  Hydralisk x2  
  170  13:20  Lurker  
  170  13:23  Overseer x2  
  170  13:26  Hydralisk x5  
  170  13:27  Zergling x6  
  180  13:30  Zergling x2  
  180  13:31  Zergling x4  
  179  13:37  Zergling x2  
  179  13:38  Zergling x2  
  159  13:48  Hydralisk x8  
  131  13:49  Hydralisk  
  131  13:53  Zergling x6  
  143  13:56  Zergling x4  
  143  14:00  Zergling x6  
  143  14:02  Zergling x2  
  134  14:03  Zergling x2  
  134  14:04  Zergling x2  
  135  14:13  Drone x2  
  133  14:19  Hydralisk x3  
  133  14:20  Hydralisk x2  
  140  14:32  Lurker Den  
  139  14:47  Hatchery  
  139  14:50  Hydralisk x8  
  153  15:03  Drone x2  
  153  15:04  Drone x4  
  153  15:23  Extractor  
  153  15:24  Hydralisk x9  
  169  15:35  Hydralisk  
  169  15:36  Hydralisk  
  169  15:37  Hydralisk x3  
  179  15:43  Hydralisk  
  179  15:44  Overlord x2  
  175  15:56  Hydralisk x5  
  167  16:06  Lurker  
  167  16:07  Lurker x3  
  167  16:08  Lurker x2  
  172  16:12  Overlord  
  172  16:13  Overlord x2  
  172  16:19  Spawning Pool  
  171  16:25  Overlord x2  
  171  16:31  Overseer x2  
  168  16:34  Lurker  
  168  16:35  Lurker x3  
  172  16:41  Hydralisk  
  172  16:42  Hydralisk x3  
  180  16:55  Hydralisk  
  180  16:56  Hydralisk x4  
  188  17:08  Lurker x2  
  188  17:14  Hatchery  
  189  17:19  Overlord x2  
  185  17:24  Lurker x3  
  185  17:27  Drone x2  
  185  17:28  Overlord  
  186  17:44  Lurker x4  
  186  17:46  Lurker  
  186  17:49  Hatchery  
  190  17:55  Zergling x18  
  190  17:56  Zergling x2  
  200  18:03  Zergling x2  
  200  18:04  Zergling x2  
  197  18:08  Lurker  
  197  18:09  Lurker x2  
  200  18:23  Spire  
  199  18:35  Lurker  
  191  18:45  Hydralisk x2  
  195  19:02  Zergling x2  
  196  19:03  Zergling x8  
  196  19:15  Hydralisk x6  
  196  19:16  Hydralisk x9  
  199  19:18  Overseer  
  199  19:29  Overseer x3  
  199  19:35  Extractor  
  199  19:36  Extractor  
  192  19:44  Hydralisk x6  
  199  19:49  Hydralisk x2  
  192  19:57  Hydralisk x5  
  192  19:59  Zergling x2  
  195  20:01  Zergling x2  
  195  20:02  Zergling x2  
  188  20:15  Zergling x2  
  188  20:16  Zergling x26  
  198  20:27  Hydralisk  
  197  20:31  Overlord  
  197  20:34  Zergling x2  
  192  20:38  Hydralisk x3  
  173  20:53  Hydralisk x7  
  173  20:56  Zergling x2  
  179  20:59  Zergling x14  
  179  21:01  Zergling x2  
  175  21:09  Hydralisk x3  
  175  21:10  Hydralisk  
  172  21:20  Hydralisk x4  
  172  21:22  Zergling x4  
  179  21:30  Zergling x14  
  174  21:33  Zergling x4  
  174  21:36  Zergling x2  
  174  21:37  Zergling x4  
Show
View Real Time Build Order
Export as new Build Order

llllllllllll Protoss 

Build Orders: 1 Gate Expand, Oracle Opening, Archon Immortal, Archon Drop 

Get SALT Encoding   

  12  0:00  Probe  
  13  0:12  Probe  
  14  0:19  Pylon  
  14  0:24  Probe  
  15  0:33  Probe  
  15  0:42  Probe  
  16  0:43  Gateway  
  17  0:51  Assimilator  
  17  0:52  Probe  
  18  1:04  Probe  
  19  1:17  Probe  
  20  1:27  Nexus  
  20  1:37  Cybernetics Core  
  20  1:40  Probe  
  21  1:47  Assimilator  
  21  1:52  Probe  
  22  1:56  Pylon  
  22  2:04  Probe  
  22  2:05  Adept  
  25  2:16  Probe  
  25  2:19  Stargate  
  26  2:28  Probe, Warp Gate  
  27  2:35  Probe  
  27  2:36  Probe  
  27  2:37  Stalker  
  27  2:43  Probe  
  31  2:44  Probe  
  33  2:53  Probe  
  33  2:54  Probe  
  33  2:55  Oracle  
  35  3:07  Probe x2  
  35  3:11  Adept  
  42  3:16  Pylon  
  42  3:19  Probe  
  43  3:25  Probe  
  44  3:29  Gateway  
  44  3:32  Probe  
  45  3:37  Oracle, Probe  
  49  3:44  Probe, Assimilator  
  50  3:49  Probe  
  50  3:51  Assimilator  
  51  3:56  Probe  
  51  4:00  Robotics Facility  
  51  4:02  Probe  
  52  4:05  Pylon  
  52  4:10  Probe  
  52  4:14  Probe, Twilight Council  
  54  4:23  Probe  
  55  4:26  Probe  
  56  4:35  Probe  
  56  4:36  Zealot x2  
  62  4:50  Pylon  
  61  4:53  Templar Archives  
  61  5:00  Pylon  
  61  5:08  Warp Prism  
  61  5:09  Probe x2  
  61  5:10  Forge  
  65  5:15  Nexus  
  65  5:18  Gateway  
  65  5:19  Protoss Ground Weapons Level 1  
  65  5:20  Gateway  
  65  5:25  Pylon  
  65  5:26  Probe x2  
  67  5:35  Robotics Facility  
  67  5:40  Probe x2, Forge  
  69  5:44  Observer, Shield Battery  
  69  6:01  High Templar x2  
  69  6:03  Probe x2  
  75  6:04  Pylon  
  75  6:07  Archon, Immortal  
  75  6:08  Pylon  
  75  6:12  Pylon  
  75  6:13  High Templar  
  75  6:15  Immortal  
  75  6:17  High Templar  
  83  6:19  Probe x2  
  83  6:23  Archon  
  86  6:35  Probe x3  
  89  6:47  Probe x3, Immortal  
  89  6:53  Psionic Storm  
  100  6:54  Immortal  
  100  6:55  Pylon  
  100  6:57  Protoss Ground Weapons Level 2  
  100  7:00  Probe x3, Assimilator, Pylon  
  103  7:02  Assimilator  
  103  7:12  Probe x3  
  103  7:13  Gateway  
  103  7:14  Gateway  
  106  7:25  Pylon  
  106  7:30  Zealot  
  106  7:31  High Templar x2  
  106  7:35  Gateway  
  112  7:38  Gateway, Immortal  
  112  7:41  Pylon  
  116  7:46  High Templar  
  116  7:50  Photon Cannon  
  117  7:52  Photon Cannon  
  117  7:55  High Templar, Photon Cannon  
  119  8:00  Observer  
  119  8:01  Pylon  
  119  8:05  Photon Cannon, Shield Battery  
  119  8:07  Immortal  
  119  8:11  Immortal  
  124  8:20  Sentry  
  130  8:34  Zealot  
  130  8:38  Zealot x6  
  130  8:41  Immortal  
  144  8:44  Charge  
  144  8:47  Immortal  
  148  8:48  Pylon  
  152  9:01  Nexus  
  152  9:03  Pylon  
  152  9:09  Zealot x3  
  158  9:15  Void Ray  
  152  9:26  Immortal x2  
  148  9:35  Zealot x3  
  154  9:43  Zealot x2  
  154  9:44  Zealot  
  133  9:56  Zealot x2  
  124  10:02  Immortal x2  
  115  10:10  Gateway, Zealot x2  
  115  10:11  Gateway  
  115  10:12  Gateway  
  111  10:15  Protoss Ground Weapons Level 3  
  111  10:18  Stalker x2  
  111  10:20  Stalker  
  117  10:30  Immortal  
  117  10:31  Immortal  
  125  10:44  High Templar x2  
  125  10:45  High Templar x3  
  135  10:55  Pylon  
  135  10:56  Shield Battery  
  135  10:57  Photon Cannon  
  135  11:03  Observer  
  133  11:04  Immortal  
  138  11:17  Observer  
  129  11:28  Zealot x2  
  129  11:29  Zealot x5  
  141  11:44  Observer  
  138  11:52  High Templar x4  
  138  11:53  Zealot x3  
  138  11:54  Zealot  
  154  11:56  Archon x2  
  154  12:02  Pylon  
  154  12:04  Pylon x2  
  154  12:06  Pylon  
  154  12:11  Immortal x2  
  162  12:29  High Templar x3  
  166  12:30  High Templar  
  166  12:34  Zealot x3  
  166  12:35  Archon x2  
  174  12:44  Observer  
  168  12:48  Observer  
  154  12:56  Zealot x4  
  162  13:13  Protoss Shields Level 1  
  160  13:23  Fleet Beacon  
  160  13:31  Immortal x2  
  128  13:53  Archon  
  112  13:56  High Templar x2  
  112  13:57  High Templar x2, Zealot x3  
  112  14:00  Immortal  
  105  14:11  Immortal  
  99  14:27  Nexus  
  99  14:28  Immortal  
  91  14:36  Pylon  
  91  14:42  Immortal  
  91  14:45  Stalker x3  
  105  14:55  Immortal  
  109  15:16  High Templar  
  109  15:17  High Templar x3  
  109  15:18  Zealot  
  109  15:19  Immortal, Zealot  
  109  15:21  Archon x2  
  124  15:30  Immortal  
  122  15:43  High Templar x2, Zealot  
  122  15:49  Immortal  
  128  15:50  Archon  
  128  15:54  Zealot x4  
  136  16:00  Immortal  
  131  16:24  High Templar x3  
  135  16:35  Nexus  
  135  16:36  High Templar  
  135  16:39  Observer  
  136  16:49  Observer  
  137  16:59  Immortal  
  137  17:00  Immortal  
  129  17:12  Pylon  
  137  17:16  Tempest  
  142  17:34  Photon Cannon x2  
  142  17:49  Tempest  
  142  17:50  Stargate  
  142  18:00  Assimilator  
  142  18:04  Assimilator  
  137  18:14  Immortal  
  137  18:15  Immortal  
  145  18:33  Tempest  
  142  19:02  Zealot x5  
  128  19:42  Nexus  
  128  19:48  Tempest  
  119  20:38  Observer  
  72  21:03  Observer  
  56  21:20  Nexus  
  36  21:42  Archon  
  36  21:46  Zealot x3  

Tags
 
Add a new tag
Caveats
  • Supply blocks, unpowered buildings, or Contaminate may cause inaccurate times.
  • Supply counts are checked every 10 seconds.